 Dungeon Crawl Stone Soup version 0.25-a0-1126-g5fd7b56c60 (webtiles) character file.

Game seed: 7088854452423449442, levelgen mode: deterministic

15894 Hopman the Cleaver (level 12, -4/107 HPs)
             Began as a Hill Orc Fighter on May 19, 2020.
             Was a High Priest of Okawaru.
             Slain by a freezing wraith (10 damage)
             ... led by a death knight
             ... on level 11 of the Dungeon.
             The game lasted 01:07:40 (11827 turns).

Hopman the Cleaver (Hill Orc Fighter)              Turns: 11827, Time: 01:07:40

Health: -4/107     AC: 16    Str: 24    XL:     12   Next: 31%
Magic:  19/19      EV: 10    Int:  8    God:    Okawaru [*****.]
Gold:   1334       SH: 12    Dex: 10    Spells: 11/11 levels left

rFire    + . .     SeeInvis .   F - +2 morningstar
rCold    . . .     Gourm    .   c - +0 kite shield
rNeg     . . .     Faith    .   O - +0 plate armour
rPois    .         Spirit   .   l - +1 helmet
rElec    .         Reflect  .   (no cloak)
rCorr    .         Harm     .   (no gloves)
MR       .....                  (no boots)
Stlth    ..........             R - amulet of magic regeneration
HPRegen  0.27/turn              y - +4 ring of evasion
MPRegen  0.41/turn              P - ring of protection from fire

@: finesse, slowed, invisible, very slow
A: no striking features
a: Heroism, Finesse, Renounce Religion


You were on level 11 of the Dungeon.
You worshipped Okawaru.
Okawaru was extremely pleased with you.
You were not hungry.

You visited 2 branches of the dungeon, and saw 13 of its levels.
You also visited: Bailey.

You collected 1670 gold pieces.
You spent 336 gold pieces at shops.

Inventory:

Hand Weapons
 a - a +6 war axe of flaming
 b - a +0 flail of protection
 r - a +1 vampiric hand axe
 C - a +1 long sword of holy wrath
 D - a +2 dire flail of holy wrath
 F - a +2 morningstar (weapon)
 G - a +3 long sword
 I - a +2 great sword
Missiles
 L - 18 boomerangs (quivered)
 N - 7 silver javelins
Armour
 c - a +0 kite shield (worn)
 l - a +1 helmet (worn)
 O - a +0 plate armour (worn)
Jewellery
 h - an uncursed ring of fire
 p - a +6 ring of intelligence
 y - a +4 ring of evasion (left hand)
 J - an uncursed ring of fire
 M - an uncursed ring of flight
 P - a ring of protection from fire (right hand)
 R - an amulet of magic regeneration (around neck)
Wands
 d - a wand of digging (11)
 i - a wand of acid (8)
 s - a wand of random effects (16)
 t - a wand of polymorph (6)
 z - a wand of clouds (6)
 K - a wand of iceblast (9)
Scrolls
 j - 4 scrolls of enchant armour
 k - 10 scrolls of remove curse
 q - a scroll of random uselessness {unknown}
 w - 3 scrolls of magic mapping
 A - 5 scrolls of teleportation
 B - a scroll of brand weapon {unknown}
 E - 2 scrolls of enchant weapon
 S - a scroll of noise {unknown}
Potions
 e - 6 potions of curing
 g - 5 potions of mutation
 m - 2 potions of ambrosia
 n - 2 potions of stabbing
 u - a potion of cancellation
 v - 2 potions of lignification
 x - 3 potions of haste
 H - a potion of flight {unknown}
Miscellaneous
 o - a tin of tremorstones (3/3)
Comestibles
 f - 11 rations
 T - 5 chunks of flesh


   Skills:
 + Level 10.5 Fighting
 * Level 14.6(14.7) Axes
 + Level 3.0(8.8) Maces & Flails
 - Level 2.2 Throwing
 + Level 8.2 Armour
 - Level 10.0 Shields
 + Level 9.6 Invocations


You had 11 spell levels left.
You didn't know any spells.
Your spell library contained the following spells:

 Spells                   Type           Power        Failure   Level  Hunger
 Animate Skeleton         Necr           N/A          100%        1    ##.....
 Apportation              Tloc           #.....       100%        1    ##.....
 Corona                   Hex            #......      100%        1    ##.....
 Magic Dart               Conj           #...         100%        1    ##.....
 Pain                     Necr           #...         100%        1    ##.....
 Summon Small Mammal      Summ           #...         100%        1    ##.....
 Blink                    Tloc           N/A          100%        2    ###....
 Call Imp                 Summ           #.......     100%        2    ###....
 Slow                     Hex            #.......     100%        2    ###....
 Conjure Flame            Conj/Fire      #.......     100%        3    ####...
 Mephitic Cloud           Conj/Pois/Air  #.......     100%        3    ####...
 Vampiric Draining        Necr           #.........   100%        3    ####...
 Animate Dead             Necr           N/A          100%        4    #####..
 Agony                    Necr           #.......     100%        5    ######.


Dungeon Overview and Level Annotations

Branches:
Dungeon (12/15)            Temple (0/1) D:4            Lair (1/6) D:10
 Bailey (visited)
    Orc: D:9-12

Altars:
Ashenzari
Cheibriados
Elyvilon
Hepliaklqana
Okawaru
Qazlal
Sif Muna
Uskayaw
Xom

Shops:
D:10 !


Message History

The freezing wraith hits you but does no damage.
The freezing wraith hits you. The freezing wraith drains your vigour!
You feel yourself slow down.
The skeletal warrior hits you but does no damage.
The phantasmal warrior hits you!! The freezing wraith barely misses you.
The freezing wraith closely misses you.
There is a stone staircase leading up, spattered with blood here.
You block the skeletal warrior's attack.
The phantasmal warrior hits you. The freezing wraith closely misses you.
You block the freezing wraith's attack. The phantasmal warrior hits you!!
* * * LOW HITPOINT WARNING * * *
The skeletal warrior hits you from afar with a +0 glaive!
* * * LOW HITPOINT WARNING * * *
You climb upwards.
There is a stone staircase leading down, spattered with blood here.
You fade into invisibility!
The freezing wraith hits you.
* * * LOW HITPOINT WARNING * * *
The freezing wraith freezes you!
You die...

.##..#......>..#.....# #.....
.##..#.....##..#.##.### ## #.....
.....#.....##..#....#.##≈###.....
.....#.....##..####.#..§###..)..#
.....#..............#≈.≈..#.##..#
.....#..............'.#≈§##.##..#
.....#.....##....#..'≈....#.....'
.....'.....##..W[##.#.⌠..##.....#
.....#.....##...@...#.≈#.##.###.#
.....#...........W..##..###.###.#
.....#.....################.....#
.....#######....................#
................................'
..#..............###............#
..#......................<......#
..#...####..##'#########.....####
..#.........#^..# #.###.#...


You could see a phantasmal warrior and a freezing wraith.

Vanquished Creatures
  A hydra (D:11)
  The ghost of kuniqs the Grappler, a journeyman OgTm of Cheibriados (D:11)
  A death knight (D:11)
  2 two-headed ogres
  3 death yaks (D:10)
  An orc knight (Bailey)
  2 trolls
  Prince Ribbit (D:7)
  2 hippogriffs
  Sigmund (D:2)
  A shadow (D:11)
  6 yaks (D:10)
  A wraith (D:11)
  A wyvern (D:10)
  A water moccasin (Lair:1)
  2 porcupines (D:10)
  8 sky beasts
  4 black bears
  8 orc warriors
  5 ogres
  3 phantoms
  5 centaurs
  A big kobold (D:10)
  8 bullfrogs
  A water moccasin zombie (D:6)
  3 scorpions
  6 wights
  14 killer bees
  8 crimson imps
  4 centaur zombies
  2 quasits
  6 orc priests
  A bullfrog zombie (D:5)
  10 hounds
  3 centaur skeletons
  Jessica (D:2)
  2 hell rats (D:10)
  15 orc wizards
  Natasha (thrice) (D:4)
  4 iguanas
  10 worker ants
  A killer bee zombie (D:9)
  A mummy (D:7)
  A hound skeleton (D:4)
  6 gnolls
  8 adders
  3 oozes
  2 adder zombies
  4 adder skeletons
  2 worms
  A dart slug (D:2)
  8 leopard geckos
  44 orcs
  10 bats
  9 giant cockroaches
  10 goblins
  8 hobgoblins
  17 jackals
  20 kobolds
  5 quokkas
  2 ball pythons
  4 frilled lizards
  A giant cockroach zombie (D:5)
  A quokka zombie (D:7)
  9 rats
339 creatures vanquished.

Notes
Turn   | Place    | Note
-------+----------+-------------------------------------------
     0 | D:1      | Hopman the Hill Orc Fighter began the quest for the Orb.
     0 | D:1      | Reached XP level 1. HP: 19/19 MP: 1/1
    36 | D:1      | Reached skill level 3 in Axes
    39 | D:1      | Reached XP level 2. HP: 27/27 MP: 2/2
   236 | D:1      | Reached XP level 3. HP: 33/33 MP: 3/3
   660 | D:1      | Reached skill level 4 in Axes
   969 | D:1      | Reached XP level 4. HP: 17/40 MP: 4/4
  1175 | D:2      | Noticed Jessica
  1181 | D:2      | Killed Jessica
  1542 | D:2      | Noticed Sigmund
  1562 | D:2      | Killed Sigmund
  1562 | D:2      | Reached skill level 5 in Axes
  1562 | D:2      | Reached skill level 1 in Throwing
  1562 | D:2      | Reached XP level 5. HP: 33/47 MP: 5/5
  1562 | D:2      | Reached XP level 6. HP: 37/53 MP: 6/6
  2056 | D:3      | Found a shimmering altar of Xom.
  2073 | D:3      | Found an iron altar of Okawaru.
  2096 | D:3      | Became a worshipper of Warmaster Okawaru
  2235 | D:3      | Reached skill level 5 in Fighting
  2286 | D:3      | Found a hazy altar of Hepliaklqana.
  2300 | D:3      | Reached skill level 5 in Shields
  2308 | D:3      | Reached skill level 6 in Axes
  2327 | D:3      | Reached XP level 7. HP: 27/61 MP: 7/7
  2588 | D:3      | Found a white marble altar of Elyvilon.
  3252 | D:4      | Found a staircase to the Ecumenical Temple.
  3270 | D:4      | Noticed Natasha
  3277 | D:4      | Killed Natasha
  3334 | D:4      | Found a stormy altar of Qazlal.
  3361 | D:4      | Reached * piety under Okawaru
  3391 | D:4      | Noticed Natasha
  3402 | D:4      | Killed Natasha
  3451 | D:4      | Noticed Natasha
  3463 | D:4      | Killed Natasha
  3511 | D:4      | Reached skill level 7 in Axes
  3511 | D:4      | Reached XP level 8. HP: 69/69 MP: 5/8
  3800 | D:5      | Entered Level 5 of the Dungeon
  4123 | D:4      | Reached skill level 1 in Invocations
  4314 | D:5      | Reached ** piety under Okawaru
  4314 | D:5      | Reached skill level 8 in Axes
  4845 | D:5      | Found a shimmering blue altar of Sif Muna.
  5179 | D:6      | Reached XP level 9. HP: 70/78 MP: 11/11
  5314 | D:6      | Reached skill level 9 in Axes
  5897 | D:7      | Reached *** piety under Okawaru
  5926 | D:7      | Reached skill level 10 in Axes
  5993 | D:7      | Noticed Prince Ribbit
  6004 | D:7      | Killed Prince Ribbit
  6004 | D:7      | Reached skill level 5 in Invocations
  6160 | D:7      | Found a snail-covered altar of Cheibriados.
  6252 | D:7      | Reached XP level 10. HP: 86/86 MP: 11/14
  6450 | D:7      | Found a snail-covered altar of Cheibriados.
  6520 | D:7      | Reached skill level 5 in Armour
  6709 | D:8      | Noticed a two-headed ogre
  6833 | D:8      | Reached **** piety under Okawaru
  6849 | D:8      | Reached skill level 11 in Axes
  6976 | D:8      | Killed a two-headed ogre
  7962 | D:9      | Found a shattered altar of Ashenzari.
  7993 | D:9      | Reached skill level 10 in Shields
  8017 | D:9      | Found a flagged portal.
  8045 | Bailey   | Entered a bailey
  8094 | Bailey   | Reached ***** piety under Okawaru
  8109 | Bailey   | Noticed an orc knight
  8116 | Bailey   | Found an iron altar of Okawaru.
  8133 | Bailey   | Received a gift from Okawaru
  8142 | Bailey   | Killed an orc knight
  8142 | Bailey   | Reached skill level 12 in Axes
  8330 | D:9      | Reached XP level 11. HP: 92/95 MP: 16/16
  9108 | D:10     | Entered Level 10 of the Dungeon
  9258 | D:10     | Found Tipiehi's Distillery.
  9309 | D:10     | Bought a potion of curing for 42 gold pieces
  9309 | D:10     | Bought a potion of curing for 42 gold pieces
  9309 | D:10     | Bought a potion of haste for 140 gold pieces
  9309 | D:10     | Bought a potion of invisibility for 112 gold pieces
  9512 | D:10     | Reached skill level 13 in Axes
  9595 | D:10     | Noticed a death yak
  9596 | D:10     | Noticed a death yak
  9597 | D:10     | Found a staircase to the Lair.
  9597 | D:10     | Noticed a death yak
  9630 | D:10     | Killed a death yak
  9638 | D:10     | Killed a death yak
  9645 | D:10     | Killed a death yak
  9645 | D:10     | Received a gift from Okawaru
  9999 | Lair:1   | Entered Level 1 of the Lair of Beasts
 10008 | Lair:1   | Noticed a six-headed hydra
 10172 | D:11     | Found a large runed translucent door.
 10173 | D:11     | Found a large runed translucent door.
 10176 | D:11     | Noticed kuniqs's ghost (journeyman OgTm)
 10201 | D:11     | Killed kuniqs's ghost
 10201 | D:11     | Reached skill level 10 in Fighting
 10201 | D:11     | Reached skill level 1 in Maces & Flails
 10490 | D:11     | Reached skill level 14 in Axes
 10523 | D:11     | Reached XP level 12. HP: 89/106 MP: 18/18
 10922 | D:11     | Found a hide-covered altar of Uskayaw.
 10931 | D:11     | Noticed a five-headed hydra
 10948 | D:11     | Killed a five-headed hydra
 11468 | D:12     | Noticed a death knight
 11703 | D:12     | Noticed a two-headed ogre
 11711 | D:12     | Killed a two-headed ogre
 11711 | D:12     | Received a gift from Okawaru
 11767 | D:11     | Killed a death knight
 11827 | D:11     | Slain by a freezing wraith

Illustrated notes

Levels and vault maps discovered:
D:1:      wheals_arrival_shading, layout_loops_ring, minmay_bisected
D:2:      layout_loops_cross, uniq_jessica, uniq_sigmund
D:3:      layout_rooms, nicolae_overflow_hidden_temple, elyvilon_altar_3,
          kennysheep_okawaru_gauntlet, xom_butterflies, grunt_ministairs_9,
          chequers_serial_rivers_micro_a
D:4:      layout_rooms, grunt_qazlal_clouds, minmay_temple_entry_overgrown,
          roderic_serpentine_path, minmay_unequal, uniq_natasha
D:5:      layout_cave_pools, tgw_sif, serial_rivers,
          chequers_serial_rivers_micro_c, chequers_serial_rivers_room_b,
          chequers_serial_rivers_small_a, chequers_serial_rivers_micro_c,
          first_ration
D:6:      layout_gridville
D:7:      layout_gridville, lemuel_crystal_altar, grunt_ogre_cave,
          minmay_misc_feat_iff, chei_slow_surprise, uniq_prince_ribbit1
D:8:      layout_gridville, minmay_circle_x
D:9:      layout_basic, ashenzari_conservatory_becter, enter_bailey_2
D:10:     layout_loops_ring, dpeg_lair_monsters, serial_shops,
          nicolae_shop_waterfront
D:11:     layout_stronghold, basic_altar, ebering_ghost_disaster_area,
          hangedman_decor_clover_reticule, minmay_joined_circles
D:12:     layout_cave_pools, kennysheep_orc_monster_closet_entryway,
          uniq_maurice
Lair:1:   layout_hall_layers, gammafunk_ghost_arena

Skill      XL: |  1  2  3  4  5  6  7  8  9 10 11 12 |
---------------+-------------------------------------+-----
Axes           | 3 4 5 6 7 8 10 12 14 | 14.6
Fighting       | 4 5 6 7 8 10 | 10.5
Throwing       | 1 2 |  2.2
Armour         | 4 6 7 8 |  8.2
Shields        | 4 5 7 9 10 | 10.0
Invocations    | 3 5 7 9 |  9.6
Maces & Flails | 1 3 |  3.0

Action                   |  1- 3 |  4- 6 |  7- 9 | 10-12 || total
-------------------------+-------+-------+-------+-------++-------
Melee: War axe           |   127 |    28 |       |   111 ||   266
       Hand axe          |       |   127 |   492 |   597 ||  1216
       Flail             |       |       |       |    14 ||    14
Throw: Boomerang         |       |    38 |    96 |    59 ||   193
Invok: Heroism           |       |       |     8 |    13 ||    21
       Finesse           |       |       |       |     4 ||     4
  Use: Potion            |       |     2 |       |     6 ||     8
       Scroll            |       |     1 |     9 |     9 ||    19
  Eat: Chunk             |       |     5 |     7 |     5 ||    17
       Ration            |       |       |     2 |     4 ||     6
Armor: Scale mail        |    77 |    61 |    68 |       ||   206
       Chain mail        |       |       |   165 |   103 ||   268
       Plate armour      |       |       |       |   115 ||   115
Dodge: Dodged            |    43 |    45 |   157 |   235 ||   480
Block: Kite shield       |    69 |    55 |   299 |   403 ||   826

Table legend:
 A = Non-vault XP
 B = Vault XP
 C = Vault XP percentage of total XP
 D = Non-vault monster count
 E = Vault monster count
 F = Vault count percentage of total count
                 A         B        C        D         E       F
            +---------+---------+-------+---------+---------+-------
      Total |   16125 |    6582 |  29.0 |     290 |      49 |  14.5
            +---------+---------+-------+---------+---------+-------
        D:1 |      80 |       6 |   7.0 |      36 |       4 |  10.0
        D:2 |      50 |     275 |  84.6 |      13 |       2 |  13.3
        D:3 |     303 |       5 |   1.6 |      32 |       3 |   8.6
        D:4 |     630 |      38 |   5.7 |      18 |       2 |  10.0
        D:5 |     829 |      35 |   4.1 |      32 |       1 |   3.0
        D:6 |    1110 |       0 |   0.0 |      19 |       0 |   0.0
        D:7 |    1500 |     420 |  21.9 |      28 |       3 |   9.7
        D:8 |    2267 |     112 |   4.7 |      32 |       1 |   3.0
        D:9 |    1552 |       0 |   0.0 |      39 |       0 |   0.0
       D:10 |    2912 |    2962 |  50.4 |      22 |      11 |  33.3
       D:11 |    3463 |    1858 |  34.9 |      13 |      10 |  43.5
       D:12 |    1276 |       0 |   0.0 |       5 |       0 |   0.0
     Lair:1 |     153 |       0 |   0.0 |       1 |       0 |   0.0
     Bailey |       0 |     871 | 100.0 |       0 |      12 | 100.0
            +---------+---------+-------+---------+---------+-------
